 Dungeon Crawl Stone Soup version 0.30-a0-862-g1aabd4f9c5 (webtiles) character file.

Game seed: 14598687282726269596

1708 bande the Chopper (level 9, -6/54 HPs)
             Began as a Gargoyle Fighter on Mar 8, 2023.
             Was an Initiate of Okawaru.
             Mangled by a hornet (10 damage)
             ... on level 6 of the Dungeon.
             The game lasted 00:09:38 (6316 turns).

bande the Chopper (Gargoyle Fighter)                Turns: 6316, Time: 00:09:39

Health: -6/54      AC: 19    Str: 20    XL:     9   Next: 3%
Magic:  9/9        EV:  6    Int:  9    God:    Okawaru [......]
Gold:   245        SH:  5    Dex: 13    Spells: 8/8 levels left

rFire   . . .      SeeInvis .    s - +1 broad axe
rCold   . . .      Faith    .    c - +0 buckler
rNeg    + . .      Spirit   .    o - +0 plate armour
rPois   ∞          Reflect  .    (no helmet)
rElec   +          Rampage  .    (no cloak)
rCorr   .                        (no gloves)
Will    .....                    (no boots) Stlth
                                 (no amulet)
HPRegen 0.29/turn                (no ring)
MPRegen 0.11/turn                (no ring)

@: no status effects
A: sickness immunity, AC +6, negative energy resistance 1, electricity
resistance, torment resistance 1, petrification resistance
a: Renounce Religion


You were on level 6 of the Dungeon.
You worshipped Okawaru.
Okawaru was noncommittal.
You visited 2 branches of the dungeon, and saw 7 of its levels.

You collected 245 gold pieces.

Inventory:

Hand Weapons
 a - a +0 war axe
 i - a +0 flail
 s - a +1 broad axe (weapon)
Armour
 c - a +0 buckler (worn)
 e - a +3 leather armour of cold resistance
 o - a +0 plate armour (worn)
Jewellery
 j - an amulet of regeneration
 v - a ring of fire
Wands
 d - a wand of roots (4)
 q - a wand of paralysis (11)
 u - a wand of flame (5)
Scrolls
 k - a scroll of amnesia
 p - 3 scrolls of teleportation
 t - a scroll of identify
 w - a scroll of fear
Potions
 b - a potion of invisibility
 f - a potion of brilliance
 g - a potion of haste
 h - a potion of berserk rage
 l - a potion of attraction {unknown}
 m - a potion of might
 n - a potion of mutation {unknown}
 r - 3 potions of curing


   Skills:
 + Level 5.5 Fighting
 + Level 7.1 Axes
 + Level 6.4 Armour
 + Level 4.8 Shields
 * Level 1.2 Invocations
 * Level 3.1 Evocations


You had 8 spell levels left.
You didn't know any spells.
Your spell library contained the following spells:

 Spells                   Type           Power      Damage    Failure   Level
 Sting                    Tmut/Pois      0%         1d3       100%        1
 Ensorcelled Hibernation  Hex/Ice        0%         N/A       100%        2
 Passwall                 Tmut/Erth      0%         N/A       100%        2
 Poisonous Vapours        Pois/Air       0%         N/A       100%        2
 Scorch                   Fire           0%         2d5       100%        2
 Wereblood                Tmut           0%         N/A       100%        2
 Swiftness                Air            0%         N/A       100%        3
 Vhi's Electric Charge    Tloc/Air       0%         N/A       100%        3
 Flame Wave               Conj/Fire      0%         2d4       100%        4
 Olgreb's Toxic Radiance  Pois           0%         N/A       100%        4
 Arcjolt                  Conj/Air       0%         1d10      100%        5
 Maxwell's Capacitive Co  Air            0%         ∞         100%        8
 Sublimation of Blood     Necr           Unusable   N/A       N/A         2
 Summon Cactus Giant      Summ           Unusable   N/A       N/A         6
 Summon Hydra             Summ           Unusable   N/A       N/A         7

Dungeon Overview and Level Annotations

Branches:
Dungeon (6/15)             Temple (1/1) D:6

Altars:
Ashenzari
Cheibriados
Dithmenos
Elyvilon
Gozag
Hepliaklqana
Kikubaaqudgha
Makhleb
Nemelex Xobeh
Okawaru
Qazlal
Ru
Trog
Uskayaw
Vehumet
Yredelemnul
Zin


Innate Abilities, Weirdness & Mutations

You are immune to sickness and miasma.
Your stone body is resilient. (AC +6)
You are immune to poison.
You resist negative energy. (rN+)
You are resistant to electric shocks. (rElec)
You are resistant to unholy torment.
You are immune to petrification.


Message History

The hornet stings you but does no damage. x2
You hit the hornet.
The hornet is heavily wounded.
The hornet stings you.
You hit the hornet.
The hornet is heavily wounded.
The hornet barely misses you. The hornet stings you!
The hornet stings you but does no damage.
You are too injured to fight recklessly!
You are too injured to fight recklessly!
You are too injured to fight recklessly!
You are too injured to fight recklessly!
You are too injured to fight recklessly!
You are too injured to fight recklessly!
You are too injured to fight recklessly!
You are too injured to fight recklessly!
You closely miss the hornet.
The hornet is heavily wounded.
The hornet stings you but does no damage.
You hit the hornet.
The hornet is heavily wounded.
The hornet stings you but does no damage.
The hornet stings you!
You slash the hornet!
The hornet is almost dead.
The hornet stings you.
* * * LOW HITPOINT WARNING * * *
The hornet stings you!
* * * LOW HITPOINT WARNING * * *
You barely miss the hornet.
The hornet is almost dead.
The hornet stings you but does no damage.
The hornet barely misses you.
You hit the hornet.
The hornet is almost dead.
You block the hornet's attack. The hornet barely misses you.
You hit the hornet but do no damage.
The hornet is almost dead.
The hornet stings you!
You die...

#.###########
#.# #|# #.#
#.# #.# #.#
#.# #@#
#.y......
#########


You could see a hornet.

Vanquished Creatures
  Eustachio (D:6)
  Menkaure (D:6)
  Duvessa (D:6)
  A water moccasin (D:5)
  A sky beast (D:6)
  A centaur (D:6)
  A phantom (D:5)
  Blork the orc (D:6)
  3 bullfrogs
  2 scorpions
  Dowan (D:6)
  2 orc priests (D:3)
  3 hounds
  2 jellies
  2 sleepcaps
  3 iguanas
  Ijyb (D:3)
  2 orc wizards
  4 adders
  7 gnolls
  A shadow imp (D:5)
  2 worms (D:2)
  7 dart slugs
  4 orcs
  5 ball pythons
  4 endoplasms
  5 giant cockroaches
  7 goblins
  4 hobgoblins
  6 jackals
  9 quokkas
  5 bats
  3 frilled lizards (D:1)
  3 kobolds
  8 rats
113 creatures vanquished.

Notes
Turn   | Place    | Note
-------+----------+-------------------------------------------
     0 | D:1      | bande the Gargoyle Fighter began the quest for the Orb.
     0 | D:1      | Reached XP level 1. HP: 14/14 MP: 1/1
    84 | D:1      | Reached skill level 2 in Axes
    84 | D:1      | Reached XP level 2. HP: 16/19 MP: 2/2
   356 | D:1      | Reached XP level 3. HP: 23/23 MP: 3/3
  1066 | D:2      | Reached XP level 4. HP: 25/29 MP: 4/4
  1109 | D:2      | Found a faded altar of an unknown god.
  1192 | D:2      | Reached skill level 3 in Axes
  1419 | D:3      | HP: 1/29 [orc priest/+0 club (5)]
  1424 | D:3      | Reached XP level 5. HP: 13/33 MP: 5/5
  1523 | D:3      | Noticed Ijyb
  1874 | D:4      | Reached skill level 4 in Axes
  2235 | D:3      | Reached XP level 6. HP: 13/38 MP: 6/6
  2458 | D:3      | Killed Ijyb
  2741 | D:3      | Found an opulent altar of Gozag.
  2742 | D:3      | Found a radiant altar of Vehumet.
  2743 | D:3      | Found a stormy altar of Qazlal.
  2743 | D:3      | Found a broken altar of Ashenzari.
  2746 | D:3      | Found a sparkling altar of Nemelex Xobeh.
  2746 | D:3      | Found a white marble altar of Elyvilon.
  3376 | D:4      | Found a sacrificial altar of Ru.
  3411 | D:4      | Reached skill level 5 in Axes
  3411 | D:4      | Reached XP level 7. HP: 28/44 MP: 7/7
  3614 | D:4      | Reached skill level 5 in Armour
  4493 | D:5      | Entered Level 5 of the Dungeon
  4573 | D:5      | Reached skill level 1 in Evocations
  4660 | D:5      | Reached XP level 8. HP: 48/48 MP: 8/8
  4741 | D:5      | Reached skill level 5 in Fighting
  4741 | D:5      | Reached skill level 6 in Axes
  5133 | D:6      | Noticed Menkaure
  5142 | D:6      | Killed Menkaure
  5251 | D:6      | Noticed Eustachio
  5292 | D:6      | Killed Eustachio
  5695 | D:6      | Found a staircase to the Ecumenical Temple.
  5707 | Temple   | Entered the Ecumenical Temple
  5752 | Temple   | Became a worshipper of Warmaster Okawaru
  5829 | D:6      | Noticed Duvessa
  5829 | D:6      | Noticed Blork the orc
  5831 | D:6      | Noticed Dowan
  5835 | D:6      | Killed Duvessa
  5853 | D:6      | Killed Blork the orc
  5854 | D:6      | Reached skill level 7 in Axes
  5854 | D:6      | Reached skill level 1 in Invocations
  5854 | D:6      | Reached XP level 9. HP: 36/54 MP: 9/9
  5868 | D:6      | Killed Dowan
  6306 | D:6      | Noticed a hornet
  6316 | D:6      | Mangled by a hornet

Illustrated notes

Levels and vault maps discovered:
D:1:      giann_forest_graveyard, layout_basic, minmay_split_cup_small
D:2:      layout_rooms, hellmonk_ecumenical_altar_heavens_door,
          corexii_corridor_pit
D:3:      layout_loops_ring, grunt_temple_overflow_open, uniq_ijyb
D:4:      layout_gridville, nicolae_ru_great_annihilating_truth, serial_glass,
          glass_columns_a, glass_columns_a, hangedman_abyss_or_decor_passed
D:5:      layout_cave_pools
D:6:      layout_basic, nicolae_overflow_hidden_temple,
          minmay_temple_entry_glass, bh_walls_and_bars, uniq_duvessa,
          uniq_blork_the_orc, uniq_eustachio, uniq_menkaure
Temple:   jpeg_temple_alley_garden

Skill      XL: |  1  2  3  4  5  6  7  8 |
---------------+-------------------------+-----
Axes           | 2 3 4 5 7 |  7.1
Fighting       | 4 5 |  5.5
Armour         | 4 5 6 |  6.4
Shields        | 4 |  4.8
Evocations     | 1 3 |  3.1
Invocations    | 1 |  1.2

Action                     |  1- 3 |  4- 6 |  7- 9 || total
---------------------------+-------+-------+-------++-------
  Melee: War axe           |   120 |     7 |       ||   127
         Broad axe         |       |   132 |   188 ||   320
    Use: Potion            |       |     4 |     3 ||     7
         Scroll            |       |     3 |    11 ||    14
   Stab: Paralysed         |       |     2 |       ||     2
 Armour: Scale mail        |    89 |       |       ||    89
         Plate armour      |     1 |   122 |   147 ||   270
  Dodge: Dodged            |    71 |    48 |    45 ||   164
  Block: Buckler           |    32 |    26 |    47 ||   105

Table legend: (Time is in decaauts)
 A = Elapsed time spent in this place.
 B = Non-inter-level travel time spent in this place.
 C = Inter-level travel time spent in this place.
 D = Time resting spent in this place.
 E = Time spent auto-exploring this place.
 F = Levels seen in this place.
 G = Mean time per level.
                   A        B        C        D        E       F      G
               +--------+--------+--------+--------+--------+-----+--------+
         Total |   6494 |   6455 |     39 |   2264 |   2834 |   7 |  927.7 |
       Dungeon |   6405 |   6366 |     39 |   2264 |   2834 |   6 | 1067.5 |
        Temple |     89 |     89 |      0 |      0 |      0 |   1 |   89.0 |
               +--------+--------+--------+--------+--------+-----+--------+

Top non-repeatable levels by time:
     D:4: 2295 daAuts
     D:6: 1123 daAuts
     D:3: 1001 daAuts
     D:1: 850 daAuts
     D:5: 654 daAuts
     D:2: 479 daAuts
  Temple: 89 daAuts
